 Dungeon Crawl Stone Soup version bcrawl-1.21.2-20-g6d45ba5942 (webtiles) character file.

Game seed: 15087232427565733980

58 MisterOstroum the Sneak (level 3, -1/27 HPs)
             Began as a Demonspawn Archaeologist on Feb 25, 2020.
             Slain by a worker ant (5 damage)
             ... on level 3 of the Dungeon.
             The game lasted 00:02:16 (2220 turns).

MisterOstroum the Sneak (Demonspawn Archaeologist)  Turns: 2220, Time: 00:02:16

Health: -1/27      AC: 11    Str: 17    XL:     3   Next: 76%
Magic:  3/3        EV: 11    Int: 15    God:
Gold:   82         SH:  3    Dex: 11    Spells: 2/2 levels left

rFire    . . .     SeeInvis +   a - +0 whip
rCold    + . .     Gourm    .   s - +0 buckler
rNeg     . . .     Faith    .   u - +0 ring mail
rPois    .         Spirit   .   c - +1 hat
rElec    .         Reflect  .   A - +0 cloak
rCorr    .         Harm     .   (no gloves)
MR       .....                  d - +1 pair of boots
Stlth    ..........             (no amulet)
HPRegen  0.09/turn              o - ring of attention (curse)
MPRegen  0.08/turn              p - ring of protection from cold

@: mighty
A: horns 1, slimy green scales 1, see invisible, blink
a: Blink


You were on level 3 of the Dungeon.
You were not hungry.

You visited 1 branch of the dungeon, and saw 3 of its levels.

You collected 82 gold pieces.

Inventory:

Hand Weapons
 a - a +0 whip (weapon)
 l - a +0 mace
 n - a +0 dagger
Missiles
 i - 686 sling bullets
 j - 180 bolts
 k - 126 arrows
 q - 408 stones (quivered)
 y - 69 poisoned needles
Armour
 b - a +1 robe
 c - a +1 hat (worn)
 d - a +1 pair of boots (worn)
 s - a +0 buckler (worn)
 u - a +0 ring mail (worn)
 A - a +0 cloak (worn)
Jewellery
 o - a cursed ring of attention (left hand)
 p - a ring of protection from cold (right hand)
Scrolls
 g - 2 scrolls of magic mapping {@r5 !r}
 m - 2 scrolls of teleportation {unknown}
 r - a scroll of blinking {unknown}
 t - a scroll of amnesia {unknown}
 v - a scroll of remove curse {unknown}
 z - a scroll of identify {unknown}
Miscellaneous
 f - a dusty tome
Comestibles
 e - 7 rations {!d}
 w - a chunk of flesh


   Skills:
 - Level 1.9 Fighting
 + Level 2.2 Short Blades
 - Level 0.8 Maces & Flails
 - Level 2.9 Dodging
 - Level 3.2 Stealth


You had 2 spell levels left.
You didn't know any spells.
Your spell library was empty.

Dungeon Overview and Level Annotations

Branches:
Dungeon (3/12)

Altars:
Ru
Uskayaw


Innate Abilities, Weirdness & Mutations

You are partially covered in slimy green scales. (AC +2)
You have a pair of small horns on your head.
You have supernaturally acute eyesight. (SInv)
You can translocate small distances at will.


Message History

You are too injured to fight recklessly!
You are too injured to fight recklessly!
You are too injured to fight recklessly!
You are too injured to fight recklessly!
You are too injured to fight recklessly!
You are too injured to fight recklessly!
You are too injured to fight recklessly!
You are too injured to fight recklessly!
You are too injured to fight recklessly!
You are too injured to fight recklessly!
You are too injured to fight recklessly!
You are too injured to fight recklessly!
You are too injured to fight recklessly!
You are too injured to fight recklessly!
You are too injured to fight recklessly!
You are too injured to fight recklessly!
You are too injured to fight recklessly!
You are too injured to fight recklessly!
You are too injured to fight recklessly!
You are too injured to fight recklessly!
You are too injured to fight recklessly!
You are too injured to fight recklessly!
You are too injured to fight recklessly!
You are too injured to fight recklessly!
You hit the worker ant but do no damage.
The worker ant is lightly wounded.
You feel sick. The worker ant closely misses you.
You hit the worker ant but do no damage.
The worker ant is lightly wounded.
You feel sick. The worker ant barely misses you.
You hit the worker ant but do no damage.
The worker ant is lightly wounded.
The worker ant bites you.
You are lethally poisoned!
The worker ant poisons you!
You barely miss the worker ant.
The worker ant is lightly wounded.
You feel sick. You block the worker ant's attack.
The worker ant closely misses you.
You hit the worker ant but do no damage.
The worker ant is lightly wounded.
You feel sick.
The worker ant bites you but does no damage.
You hit the worker ant but do no damage.
The worker ant is lightly wounded.
* * * LOW HITPOINT WARNING * * *
You feel sick.
The worker ant bites you but does no damage.
You closely miss the worker ant.
The worker ant is lightly wounded.
* * * LOW HITPOINT WARNING * * *
You feel sick. The worker ant closely misses you.
You closely miss the worker ant.
The worker ant is lightly wounded.
* * * LOW HITPOINT WARNING * * *
You feel sick. You block the worker ant's attack.
Okay, then.
It was a potion of mutation.
You feel extremely strange.
Your vision sharpens.
You feel jittery. A pair of horns grows on your head!
The worker ant bites you but does no damage.
It was a potion of curing.
You feel better. The worker ant barely misses you.
You closely miss the worker ant. Your headbutt misses the worker ant.
The worker ant is lightly wounded.
The worker ant bites you but does no damage.
You barely miss the worker ant. Your headbutt misses the worker ant.
The worker ant is lightly wounded.
The worker ant bites you but does no damage. x2
Your shield and ring mail prevent you from hitting the worker ant.
The worker ant is lightly wounded.
You block the worker ant's attack.
Wield which item (- for none, * to show all)? (? for menu, Esc to quit)
a - a +0 whip (weapon)
You hit the worker ant but do no damage.
The worker ant is lightly wounded.
You block the worker ant's attack.
The worker ant bites you but does no damage.
You hit the worker ant but do no damage.
The worker ant is lightly wounded.
The worker ant bites you but does no damage.
You hit the worker ant.
The worker ant is lightly wounded.
The worker ant bites you but does no damage.
You closely miss the worker ant.
The worker ant is lightly wounded.
The worker ant bites you.
The worker ant bites you but does no damage.
You barely miss the worker ant.
The worker ant is lightly wounded.
The worker ant bites you!
* * * LOW HITPOINT WARNING * * *
Wield which item (- for none, * to show all)? (? for menu, Esc to quit)
Okay, then.
Unknown command.
It was a potion of might.
You feel very mighty all of a sudden.
The worker ant bites you but does no damage.
You hit the worker ant.
The worker ant is heavily wounded.
The worker ant bites you.
You die...

........# #.......###
#......... #.......
#..... #..### # # ####
######..#
....#.##..#####.......#
.......a@...........###
.......##...........#
....... #...........#
....... #...........# .
......# #...........#
.. ...... #...........#
... ....##
#...........#.... #+##
..................
#...#########....##


You could see a worker ant.

Vanquished Creatures
  An adder (D:2)
  An ooze (D:3)
  A worm (D:2)
  A dart slug (D:1)
  4 leopard geckos
  5 bats
  A giant cockroach (D:1)
  3 goblins
  5 hobgoblins
  3 jackals (D:2)
  2 frilled lizards
  4 kobolds
  4 rats
35 creatures vanquished.

Notes
Turn   | Place    | Note
-------+----------+-------------------------------------------
     0 | D:1      | MisterOstroum the Demonspawn Archaeologist began the quest
                  | for the Orb.
     0 | D:1      | Reached XP level 1. HP: 15/15 MP: 1/1
   193 | D:1      | Gained mutation: You are partially covered in slimy green
                  | scales. (AC +2) [demonic ancestry]
   193 | D:1      | Reached XP level 2. HP: 20/21 MP: 2/2
   763 | D:2      | Reached skill level 1 in Short Blades
   983 | D:2      | Reached XP level 3. HP: 15/27 MP: 3/3
  1638 | D:2      | Found a hide-covered altar of Uskayaw.
  2056 | D:3      | Found a faded altar of an unknown god.
  2105 | D:3      | Found a sacrificial altar of Ru.
  2208 | D:3      | Gained mutation: You have supernaturally acute eyesight.
                  | (SInv) [potion of mutation]
  2208 | D:3      | Gained mutation: You can translocate small distances at
                  | will. [potion of mutation]
  2208 | D:3      | Gained mutation: You have a pair of small horns on your
                  | head. [potion of mutation]
  2220 | D:3      | Slain by a worker ant

Skill      XL: |  1  2  3 |
---------------+----------+-----
Short Blades   | 1 2 |  2.2
Fighting       | |  1.9
Maces & Flails | |  0.8
Dodging        | |  2.9
Stealth        | |  3.2

Action                   || total
-------------------------++-------
Melee: Whip              ||    69
       Dagger            ||   174
  Use: Potion            ||     3
 Stab: Sleeping          ||     6
  Eat: Chunk             ||     4
Armor: Robe              ||    80
       Ring mail         ||    16
Dodge: Dodged            ||   152
Block: Buckler           ||    16
